 Dungeon Crawl Stone Soup version 0.27-a0-249-g74f53ef629 (webtiles) character file.

Game seed: 17988450547228186299

89 trckry the Bolt Thrower (level 4, -1/26 HPs)
             Began as a Tengu Hunter on Feb 3, 2021.
             Slain by a gnoll
             ... wielding a +0 club
              (9 damage)
             ... on level 3 of the Dungeon.
             The game lasted 00:03:50 (2372 turns).

trckry the Bolt Thrower (Tengu Hunter)              Turns: 2372, Time: 00:03:50

Health: -1/26      AC:  3    Str: 13    XL:     4   Next: 55%
Magic:  0/5        EV: 12    Int: 11    God:
Gold:   166        SH:  0    Dex: 15    Spells: 3/3 levels left

rFire    . . .     SeeInvis +   b - +0 quarterstaff
rCold    . . .     Faith    .   (shield currently unavailable)
rNeg     . . .     Spirit   +   c - +0 leather armour
rPois    .         Reflect  .   (helmet restricted)
rElec    .         Harm     .   m - scarf {repulsion}
rCorr    .         Rampage  .   (no gloves)
Will     .....                  (boots unavailable)
Stlth    +.........             r - amulet of guardian spirit
HPRegen  0.08/turn              g - ring of see invisible
MPRegen  0.09/turn              (no ring)

@: repel missiles
A: beak, talons 3
a: no special abilities


You were on level 3 of the Dungeon.
You visited 1 branch of the dungeon, and saw 4 of its levels.

You collected 166 gold pieces.

Inventory:

Hand Weapons
 a - a +1 hand crossbow
 b - a +0 quarterstaff (weapon)
Missiles
 d - 26 bolts
Armour
 c - a +0 leather armour (worn)
 m - a scarf of repulsion (worn)
Jewellery
 g - a ring of see invisible (left hand)
 r - an amulet of guardian spirit (around neck)
Scrolls
 h - 3 scrolls of enchant weapon {unknown}
 i - a scroll of blinking {unknown}
 j - 3 scrolls of enchant armour {unknown}
 k - 3 scrolls of remove curse {unknown}
 l - 2 scrolls of fog {unknown}
 n - a scroll of magic mapping {unknown}
 o - 2 scrolls of identify {unknown}
Potions
 e - 2 potions of berserk rage {unknown}
 f - a potion of haste {unknown}
 p - a potion of invisibility {unknown}
 q - 3 potions of heal wounds {unknown}
 s - a potion of ambrosia {unknown}
 t - a potion of resistance {unknown}
 u - a potion of degeneration {unknown}


   Skills:
 - Level 2.0 Fighting
 * Level 6.4 Crossbows
 - Level 2.1 Dodging
 - Level 1.0 Stealth


You had 3 spell levels left.
You didn't know any spells.
Your spell library was empty.

Dungeon Overview and Level Annotations

Branches:
Dungeon (4/15)
 Temple: D:4-7

Altars:
Dithmenos


Innate Abilities, Weirdness & Mutations

You have a beak for a mouth.
You have claws for feet.


Message History

2 gnolls come into view.
A gnoll is wielding a +0 vorpal flail.
The gnoll shouts!
You hear a shout!
The gnoll moves out of view.
You hear a shout!
You hear a bark!
Found 24 stones, a scroll labelled HYNECWU VIQE and an inky potion.
Found a stone staircase leading down.
A gnoll comes into view. It is wielding a +0 spear.
There is a stone staircase leading up here.
The gnoll hits you with a +0 club!
You climb upwards.
There is a stone staircase leading down here.
You take 6 damage, and have 15/26 hp.
MASSIVE DAMAGE!!
You now have 3/5 mp.
You thump the gnoll! You claw the gnoll.
The gnoll is almost dead.
The gnoll hits you with a +0 club!
You take 7 damage, and have 8/26 hp.
MASSIVE DAMAGE!!
You now have 1/5 mp.
You hit the gnoll but do no damage.
The gnoll is almost dead.
The gnoll hits you with a +0 club!
You die...

.........##....##...#
.....÷.........##...#
.....##..###...####.#
.................##†#
......#...#......##.##
.##...###............#####
.###..# ###....#.........#
.# #..# #.....g##......###
.#
#..########.#@..........#
.# #.....##
#..####.....#.## .#
#.###..#####........).#..#
##
#.#.....##.....######....#
#...............## ######
#................#
#...........>....#
#................#
#................#


You could see a gnoll.

Vanquished Creatures
  4 adders
  A worm (D:2)
  A dart slug (D:1)
  A leopard gecko (D:1)
  An orc (D:3)
  2 ball pythons
  3 giant cockroaches
  8 goblins
  4 hobgoblins
  A quokka (D:2)
  5 bats
  4 frilled lizards
  3 kobolds
  10 rats
48 creatures vanquished.

Notes
Turn   | Place    | Note
-------+----------+-------------------------------------------
     0 | D:1      | trckry the Tengu Hunter began the quest for the Orb.
     0 | D:1      | Reached XP level 1. HP: 12/12 MP: 2/2
   180 | D:1      | Reached XP level 2. HP: 14/17 MP: 3/3
   454 | D:1      | Reached skill level 5 in Crossbows
  1095 | D:1      | Found a shadowy altar of Dithmenos.
  1187 | D:2      | Reached XP level 3. HP: 21/21 MP: 4/4
  1935 | D:3      | Reached skill level 6 in Crossbows
  1943 | D:3      | Reached XP level 4. HP: 26/26 MP: 5/5
  2372 | D:3      | Slain by a gnoll

Illustrated notes

Levels and vault maps discovered:
D:1:      dpeg_arrival_water_altar, layout_loops_ring
D:2:      layout_rooms
D:3:      layout_rooms
D:4:      layout_cave_pools, roderic_roman_lattice, uniq_edmund

Skill      XL: |  1  2  3 |
---------------+----------+-----
Crossbows      | 5 6 |  6.4
Fighting       | |  2.0
Dodging        | |  2.1
Stealth        | |  1.0

Action                   |  1- 3 |  4- 6 || total
-------------------------+-------+-------++-------
Melee: Short sword       |    68 |       ||    68
       Kick              |    18 |     2 ||    20
       Peck              |     9 |     2 ||    11
       Quarterstaff      |       |    26 ||    26
 Fire: Hand crossbow     |    17 |    15 ||    32
 Stab: Sleeping          |     1 |       ||     1
Armor: Leather armour    |    12 |     5 ||    17
Dodge: Dodged            |    45 |    32 ||    77

Table legend: (Time is in decaauts)
 A = Elapsed time spent in this place.
 B = Non-inter-level travel time spent in this place.
 C = Inter-level travel time spent in this place.
 D = Time resting spent in this place.
 E = Time spent auto-exploring this place.
 F = Levels seen in this place.
 G = Mean time per level.
                   A        B        C        D        E       F      G
               +--------+--------+--------+--------+--------+-----+--------+
         Total |   2393 |   2276 |    117 |    200 |   1707 |   4 |  598.2 |
       Dungeon |   2393 |   2276 |    117 |    200 |   1707 |   4 |  598.2 |
               +--------+--------+--------+--------+--------+-----+--------+

Top non-repeatable levels by time:
     D:1: 1185 daAuts
     D:2: 757 daAuts
     D:3: 428 daAuts
     D:4: 22 daAuts
